 Dungeon Crawl Stone Soup version 0.28.0-53-g5a82cb258f (webtiles) character file.

Game seed: 7552269700962385585

651 Sin92 the Magician (level 7, -1/51 HPs)
             Began as a Demonspawn Hedge Wizard on July 12, 2022.
             Slain by a gnoll shaman
             ... wielding a +0 whip
              (6 damage)
             ... on level 5 of the Dungeon.
             The game lasted 00:08:25 (6487 turns).

Sin92 the Magician (Demonspawn Hedge Wizard)        Turns: 6487, Time: 00:08:26

Health: -1/51      AC:  5    Str: 15 (16) XL:     7   Next: 28%
Magic:  12/12      EV: 12    Int: 14 (15) God:
Gold:   826        SH:  0    Dex: 14 (15) Spells: 12/13 levels left

rFire   . . .      SeeInvis .   g - +4 short sword (elec)
rCold   . . .      Faith    .   (no shield)
rNeg    . . .      Spirit   .   h - +0 leather armour
rPois   .          Reflect  .   c - +1 hat
rElec   .          Harm     .   (no cloak)
rCorr   .          Rampage  .   (no gloves)
Will    .....                   l - +0 pair of boots
Stlth   ++........              (no amulet)
HPRegen 0.17/turn               i - +6 ring of strength
MPRegen 0.13/turn               (no ring)

@: mighty, attractive, invisible
A: horns 1, foul stench 1, spiny 1, weakness stinger 2
a: no special abilities


You were on level 5 of the Dungeon.
You visited 1 branch of the dungeon, and saw 5 of its levels.

You collected 826 gold pieces.

Inventory:

Hand Weapons
 a - a +0 dagger
 d - a +1 dagger of venom
 g - a +4 short sword of electrocution (weapon)
 q - a +1 vampiric dagger
Armour
 b - a +0 robe
 c - a +1 hat (worn)
 h - a +0 leather armour (worn)
 l - a +0 pair of boots (worn)
Jewellery
 i - a +6 ring of strength (left hand)
Wands
 e - a wand of flame (16)
 r - a wand of charming (6)
Scrolls
 m - 2 scrolls of identify
 p - a scroll of immolation {unknown}
Potions
 f - 3 potions of flight
 j - 3 potions of curing
 k - a potion of attraction
 o - a potion of might
 t - a potion of heal wounds {unknown}
 u - a potion of brilliance {unknown}


   Skills:
 + Level 2.4 Fighting
 * Level 3.4 Short Blades
 + Level 3.0 Dodging
 + Level 3.1 Stealth
 + Level 3.8 Spellcasting
 + Level 2.8 Conjurations
 - Level 1.0 Summonings
 + Level 2.5 Translocations


You had 12 spell levels left.
You knew the following spells:

 Your Spells              Type           Power      Damage    Failure   Level
a - Magic Dart            Conj           40%        1d5       8%          1

Your spell library contained the following spells:

 Spells                   Type           Power      Damage    Failure   Level
 Blink                    Tloc           18%        N/A       13%         2
 Slow                     Hex            8%         N/A       24%         1
 Call Imp                 Summ           5%         N/A       24%         2
 Conjure Flame            Conj/Fire      6%         6-21      38%         3
 Mephitic Cloud           Conj/Pois/Air  5%         N/A       43%         3
 Iskenderun's Battlesphe  Conj           10%        2d6       90%         5
 Iron Shot                Conj/Erth      3%         9d2       100%        6
 Spellforged Servitor     Conj/Summ      4%         N/A       100%        7


Dungeon Overview and Level Annotations

Branches:
Dungeon (5/15)
 Temple: D:4-7

Altars:
Hepliaklqana
Uskayaw

Shops:
D:2 ?:


Innate Abilities, Weirdness & Mutations

You have a pair of small horns on your head.
You may rarely emit foul miasma when damaged in melee.
You are partially covered in sharp spines.
You have a tail ending in a sharp stinger.


Message History

The gnoll is engulfed in dark miasma.
The gnoll looks even sicker.
You kill the gnoll!
It was a potion of attraction.
You feel attractive to monsters.
It was a potion of might.
You feel very mighty all of a sudden. The gnoll hits you but does no damage.
The gnoll shaman hits you with a +0 whip.
* * * LOW HITPOINT WARNING * * *
You feel better. The gnoll is struck by your spines.
The gnoll barely misses you. The gnoll closely misses you.
The gnoll shaman hits you with a +0 whip!
* * * LOW HITPOINT WARNING * * *
You feel better. The gnoll barely misses you.
The gnoll hits you with a +0 club.
* * * LOW HITPOINT WARNING * * *
You emit a cloud of foul miasma!
The gnoll shaman invokes the aid of its god against you.
You resist with some effort.
You puncture the gnoll shaman!
The gnoll shaman is severely wounded.
The gnoll barely misses you.
The gnoll is engulfed in dark miasma.
The gnoll is poisoned.
The gnoll is struck by your spines. The gnoll hits you with a +0 club.
* * * LOW HITPOINT WARNING * * *
The gnoll shaman hits you with a +0 whip.
* * * LOW HITPOINT WARNING * * *
It was a potion of invisibility.
You fade into invisibility!
The gnoll closely misses you.
The gnoll is engulfed in dark miasma.
The gnoll looks even sicker.
You kill the gnoll!
The gnoll shaman invokes the aid of its god against you.
You resist with some effort.
It was a potion of degeneration.
There was something very wrong with that liquid.
You feel weakened.
You feel dopey.
You feel clumsy. The gnoll hits you but does no damage.
The gnoll shaman hits you with a +0 whip.
You die...

####### #..................
.......##..................
...........................
........................(...
.............#+#............
..........##.# #............
.........)# ...#.......#####
.........)###..####..(......
..........g@#..# ###.......
..........#§g...... #.......
..........#........ #.......
.#...##.......>)... #......^
#.......#.#...#### #.......
#.......#.#...# #.......
........+.#...#
........###...# .........


You could see a gnoll shaman and a gnoll.

Vanquished Creatures
  A phantom (D:4)
  A water moccasin zombie (D:5)
  A water moccasin skeleton (D:5)
  An orc priest (D:4)
  2 hounds
  Jessica (D:2)
  4 iguanas
  2 hound skeletons (D:4)
  5 gnolls
  8 adders
  An adder skeleton (D:4)
  2 dart slugs (D:3)
  3 worms (D:3)
  5 orcs
  2 ball pythons
  7 bats
  6 endoplasms
  4 giant cockroaches
  12 goblins
  6 hobgoblins
  3 jackals (D:2)
  7 kobolds
  6 quokkas
  A frilled lizard (D:1)
  A quokka skeleton (D:4)
  4 rats
96 creatures vanquished.

Notes
Turn   | Place    | Note
-------+----------+-------------------------------------------
     0 | D:1      | Sin92 the Demonspawn Hedge Wizard began the quest for the
                  | Orb.
     0 | D:1      | Reached XP level 1. HP: 13/13 MP: 4/4
   335 | D:1      | Reached skill level 1 in Translocations
   361 | D:1      | Found a faded altar of an unknown god.
   590 | D:1      | Discovered your monstrous ancestry.
   590 | D:1      | Gained mutation: You have a small tail. [demonic ancestry]
   590 | D:1      | Reached XP level 2. HP: 6/19 MP: 3/6
  1355 | D:1      | Reached skill level 1 in Short Blades
  1718 | D:2      | Found Onihacem's Magic Scroll Emporium.
  2020 | D:2      | Gained mutation: You have a pair of small horns on your
                  | head. [demonic ancestry]
  2020 | D:2      | Reached XP level 3. HP: 19/25 MP: 7/7
  2400 | D:2      | Reached skill level 1 in Fighting
  2451 | D:2      | Noticed Jessica
  2456 | D:2      | Killed Jessica
  2457 | D:2      | Gained mutation: You may rarely emit foul miasma when
                  | damaged in melee. [demonic ancestry]
  2457 | D:2      | Reached XP level 4. HP: 21/32 MP: 8/8
  2911 | D:2      | Found Muikual's Book Boutique.
  3724 | D:3      | Reached XP level 5. HP: 35/37 MP: 1/10
  3866 | D:3      | Found a hazy altar of Hepliaklqana.
  4500 | D:4      | Noticed a phantom
  4511 | D:4      | Killed a phantom
  4512 | D:4      | Gained mutation: You have a tail ending in a sharp stinger.
                  | [demonic ancestry]
  4512 | D:4      | Reached XP level 6. HP: 22/44 MP: 11/11
  4892 | D:4      | Found a hide-covered altar of Uskayaw.
  6066 | D:5      | Entered Level 5 of the Dungeon
  6250 | D:5      | Identified a scroll of acquirement
  6250 | D:5      | Acquired 589 gold pieces
  6382 | D:5      | Gained mutation: You are partially covered in sharp spines.
                  | [demonic ancestry]
  6382 | D:5      | Reached XP level 7. HP: 41/50 MP: 6/12
  6487 | D:5      | Slain by a gnoll shaman

Illustrated notes

Levels and vault maps discovered:
D:1:      dpeg_arrival_pond, layout_basic,
          hellmonk_ecumenical_altar_heavens_door, minmay_strange_pillars,
          palyth_stone_intersect, dk_noncrumbling_4,
          minmay_misc_feat_more_columns, wad_floor_pattern_1, minivault_25
D:2:      layout_loops_ring, serial_shops, shop, nicolae_shop_advertising_works
          [nicolae_subvault_shop_adworks], uniq_jessica
D:3:      layout_rooms, nzn_hepliaklqana_mist_gate, grunt_ministairs_5,
          st_stairs_3
D:4:      kennysheep_six_static_rooms, layout_basic,
          mainiacjoe_overflow_alcove_1
D:5:      layout_basic, tgw_kikubaaqudgha

Skill      XL: |  1  2  3  4  5  6  7 |
---------------+----------------------+-----
Translocations | 1 2 |  2.5
Short Blades   | 1 2 3 |  3.4
Stealth        | 2 3 |  3.1
Dodging        | 2 3 |  3.0
Fighting       | 1 2 |  2.4
Conjurations   | 2 |  2.8
Spellcasting   | |  3.8
Summonings     | |  1.0

Action                   |  1- 3 |  4- 6 |  7- 9 || total
-------------------------+-------+-------+-------++-------
Melee: Dagger            |    93 |     5 |       ||    98
       Punch             |     1 |     1 |     1 ||     3
       Tailslap          |     7 |    10 |       ||    17
       Headbutt          |     3 |    22 |     3 ||    28
       Short sword       |       |   110 |    15 ||   125
 Cast: Magic Dart        |    14 |   111 |       ||   125
  Use: Scroll            |     5 |     6 |       ||    11
       Potion            |       |       |     6 ||     6
 Stab: Sleeping          |     2 |     3 |       ||     5
Armor: Robe              |    16 |     1 |       ||    17
       Leather armour    |       |    36 |     2 ||    38
Dodge: Dodged            |    68 |   103 |    12 ||   183
